 Dungeon Crawl Stone Soup version 0.29.0-15-g675c0067aa (webtiles) character file.

Game seed: 956072370366158406

9 qw the Sneak (level 2, 0/19 HPs)
             Began as a Gargoyle Delver on Sept 11, 2022.
             Slain by a phantom (1 damage)
             ... on level 5 of the Dungeon.
             The game lasted 00:00:01 (33 turns).

qw the Sneak (Gargoyle Delver)                        Turns: 33, Time: 00:00:02

Health: 0/19       AC:  5    Str: 15    XL:     2   Next: 12%
Magic:  2/2        EV: 11    Int: 10    God:
Gold:   10         SH:  0    Dex: 11    Spells: 1/1 levels left

rFire   . . .      SeeInvis .   a - +0 hand axe
rCold   . . .      Faith    .   (no shield)
rNeg    + . .      Spirit   .   b - +0 leather armour
rPois   inf        Reflect  .   (no helmet)
rElec   +          Harm     .   (no cloak)
rCorr   .          Rampage  .   (no gloves)
Will    .....                   (no boots)
Stlth   +++.......              (no amulet)
HPRegen 0.06/turn               (no ring)
MPRegen 0.08/turn               (no ring)

@: no status effects
A: sickness immunity, AC +2, negative energy resistance 1, electricity
resistance, torment resistance 1, petrification resistance
a: no special abilities


You were on level 5 of the Dungeon.
You visited 1 branch of the dungeon, and saw 1 of its levels.

You collected 10 gold pieces.


Innate Abilities, Weirdness & Mutations

You are immune to sickness and miasma.
Your stone body is resilient. (AC +2)
You are immune to poison.
You resist negative energy. (rN+)
You are resistant to electric shocks. (rElec)
You are resistant to unholy torment.
You are immune to petrification.


   Skills:
 - Level 3.2 Fighting
 + Level 2.5 Axes
 - Level 1.5 Dodging
 - Level 5.4 Stealth


You had one spell level left.
You didn't know any spells.
Your spell library was empty.

Inventory:

Hand Weapons
 a - a +0 hand axe (weapon)
Armour
 b - a +0 leather armour (worn)
Wands
 g - a wand of digging (3)
Scrolls
 c - a scroll of fog
 d - a scroll of magic mapping
 e - a scroll of fear
Potions
 f - a potion of haste

Dungeon Overview and Level Annotations

Branches:
Dungeon (5/15)
 Temple: D:4-7

Altars:


Message History

You hit the adder.
The adder is severely wounded.
The adder bites you but does no damage.
You closely miss the adder.
The adder is severely wounded.
You closely miss the phantom. The adder bites you. The phantom hits you.
The phantom blinks!
You blink.
The phantom hits you.
You completely miss the phantom. The phantom closely misses you.
You hit the adder.
You kill the adder!
You hit the phantom. The phantom hits you.
Your Axes skill increases to level 2!
You have reached level 2!
You miss the phantom.
The phantom is lightly damaged.
The phantom hits you but does no damage.
You hit the phantom but do no damage.
The phantom is lightly damaged.
The phantom hits you but does no damage.
You barely miss the phantom.
The phantom is lightly damaged.
The phantom closely misses you. The phantom barely misses you.
You hit the phantom but do no damage.
The phantom is lightly damaged.
The phantom hits you.
The phantom blinks!
You blink.
You closely miss the phantom.
The phantom is lightly damaged.
The phantom hits you.
You closely miss the phantom.
The phantom is lightly damaged.
The phantom hits you.
The phantom blinks!
You blink.
You hit the phantom but do no damage.
The phantom is lightly damaged.
The phantom barely misses you.
You hit the phantom.
The phantom is lightly damaged.
The phantom hits you.
You die...

.. #. #.########
#........## #..#..
....# ..#.###.#.#
#W#.....#.#####
#@.............
#.....%.#
#.......#.#
#.#.......# .
#.###.#.### ..
#.###.#.#
...#######.......#
...........###..##
..................


You could see a phantom.

Vanquished Creatures
  An adder (D:5)
1 creature vanquished.

Notes
Turn   | Place    | Note
-------+----------+-------------------------------------------
     0 | D:5      | qw the Gargoyle Delver began the quest for the Orb.
     0 | D:5      | Reached XP level 1. HP: 14/14 MP: 1/1
     0 | D:5      | 0 ||| qw: Version: 0.1-a-118-gb4e7ce6
     0 | D:5      | 0 ||| qw: Game counter: 10549
     0 | D:5      | 0 ||| qw: Always use a shield: true
     0 | D:5      | 0 ||| qw: God list: Okawaru
     0 | D:5      | 0 ||| qw: Allow faded altars: false
     0 | D:5      | 0 ||| qw: Do Orc after D:15 true
     0 | D:5      | 0 ||| qw: Do second Lair branch before Depths: true
     0 | D:5      | 0 ||| qw: Lair rune preference: random
     0 | D:5      | 0 ||| qw: Plans: Normal
     0 | D:5      | 0 ||| PLANNING D:1-11
    12 | D:5      | Noticed a phantom
    13 | D:5      | 13 ||| Stepping ~*~*~tactically~*~*~ (stealth).
    14 | D:5      | 14 ||| Stepping ~*~*~tactically~*~*~ (stealth).
    26 | D:5      | Reached XP level 2. HP: 10/19 MP: 2/2
    30 | D:5      | HP: 4/19 [phantom (3)]
    31 | D:5      | HP: 1/19 [phantom (3)]
    33 | D:5      | Slain by a phantom

Levels and vault maps discovered:
D:5:      layout_loops_cross, lemuel_doored_altar, kennysheep_mini_moat

Skill      XL: |  1 |
---------------+----+-----
Axes           | 2 |  2.5
Fighting       | |  3.2
Dodging        | |  1.5
Stealth        | |  5.4

Action                   || total
-------------------------++-------
Melee: Hand axe          ||    15
Armor: Leather armour    ||     5
Dodge: Dodged            ||     7

Table legend:
 A = Non-vault XP
 B = Vault XP
 C = Vault XP percentage of total XP
 D = Non-vault monster count
 E = Vault monster count
 F = Vault count percentage of total count
                 A         B        C        D         E       F
            +---------+---------+-------+---------+---------+-------
      Total |      13 |       0 |   0.0 |       1 |       0 |   0.0
            +---------+---------+-------+---------+---------+-------
        D:5 |      13 |       0 |   0.0 |       1 |       0 |   0.0
            +---------+---------+-------+---------+---------+-------
